[Event "GAMMA Reykjavik Open 2019"]
[Site "Reykjavik"]
[Date "2019.04.08"]
[Round "1.15"]
[White "Christiansen, Johan-Sebastian"]
[Black "Le Goff, Ronan"]
[Result "1-0"]
[ECO "E05"]
[WhiteElo "2571"]
[BlackElo "2186"]
[Annotator "ChessBase"]
[PlyCount "59"]
[EventDate "2019.04.04"]
[EventType "swiss"]
[EventCountry "ISL"]
[SourceTitle "playchess.com"]
[Source "ChessBase"]
[SourceQuality "1"]
[TimeControl "40/5400+30:1800+30"]

1. Nf3 Nf6 2. c4 e6 3. g3 d5 4. Bg2 Be7 5. d4 O-O 6. O-O dxc4 7. Qc2 a6 8. a4 Bd7 9. Bg5 Bc6 10. Rd1 a5 11. Nbd2 Na6 12. Nxc4 Nb4 13. Qb3 Bd5 14. Nfe5 Bxg2 15. Kxg2 Nfd5 16. Bd2 c6 17. e4 Nf6 18. f3 Qc7 19. Nxa5 Qxa5 20. Nc4 Qa7 21. Bxb4 Bxb4 22. Qxb4 Rfd8 23. Nb6 Rab8 24. a5 Ne8 25. Rd2 Nc7 26. Rad1 Na8 27. Nc4 Nc7 28. Ne5 Na6 29. Qe7 Rf8 30. Nxc6 1-0

[Event "GAMMA Reykjavik Open 2019"]
[Site "Reykjavik"]
[Date "2019.04.08"]
[Round "1.21"]
[White "Praggnanandhaa R"]
[Black "Maisuradze, Nino"]
[Result "1-0"]
[ECO "A07"]
[WhiteElo "2537"]
[BlackElo "2168"]
[Annotator "RC"]
[PlyCount "60"]
[EventDate "2019.04.04"]
[EventType "swiss"]
[EventCountry "ISL"]
[SourceTitle "playchess.com"]
[Source "ChessBase"]
[SourceQuality "1"]
[TimeControl "40/5400+30:1800+30"]

1. g3 d5 2. Bg2 e5 3. d3 Nf6 4. Nd2 Be7 5. Ngf3 Nc6 6. O-O Bg4 7. c4 Qd7 8. a3 a5 9. cxd5 Nxd5 10. Re1 a4 11. b3 axb3 12. Qxb3 Be6 13. Nc4 Nb6 14. Nxb6 Bxb3 15. Nxd7 Kxd7 16. Rb1 Be6 17. Rxb7 Rhb8 18. Rb2 f6 19. Rc2 Ra6 20. e3 Na7 21. d4 e4 22. Nd2 f5 23. f3 exf3 24. Nxf3 Rb1 25. Bf1 Ra4 26. Rc3 Nb5 27. Ne5+ Kc8 28. Rc6 Bd5 29. Bd3 Rb3 30. Bc2 Bxc6 1-0

[Event "GAMMA Reykjavik Open 2019"]
[Site "Reykjavik"]
[Date "2019.04.08"]
[Round "1.26"]
[White "Abrahams, Daniel"]
[Black "Kanarek, Marcel"]
[Result "1-0"]
[ECO "A38"]
[WhiteElo "2143"]
[BlackElo "2505"]
[Annotator "ChessBase"]
[PlyCount "81"]
[EventDate "2019.04.04"]
[EventType "swiss"]
[EventCountry "ISL"]
[SourceTitle "playchess.com"]
[Source "ChessBase"]
[SourceQuality "1"]
[TimeControl "40/5400+30:1800+30"]

1. c4 g6 2. Nc3 Bg7 3. g3 Nf6 4. Bg2 O-O 5. Nf3 d6 6. O-O c5 7. a3 Nc6 8. Rb1 a5 9. d3 Bd7 10. Bg5 h6 11. Bd2 Ne8 12. Ne1 Nc7 13. Nc2 a4 14. Ne3 Na5 15. Nxa4 Nxc4 16. dxc4 Bxa4 17. Qc1 Bc6 18. Nd5 Bxd5 19. cxd5 h5 20. f4 Nb5 21. e3 Qd7 22. Qc2 Rfc8 23. f5 g5 24. Qd1 g4 25. h3 c4 26. hxg4 hxg4 27. Qxg4 c3 28. bxc3 Nxc3 29. Rb3 Ra4 30. Qh5 Ne4 31. Bxe4 Rxe4 32. Rfb1 Qa4 33. Rxb7 Qxa3 34. Rb8 Rec4 35. f6 exf6 36. R1b7 Qa1+ 37. Kf2 f5 38. Qxf7+ Kh8 39. Rb1 Rxb8 40. Rxb8+ Kh7 41. Qxf5+ {[%emt 0:00:56] Bf8 [%emt 00:00:31]} 1-0

[Event "GAMMA Reykjavik Open 2019"]
[Site "Reykjavik"]
[Date "2019.04.08"]
[Round "1.27"]
[White "Tang, Andrew"]
[Black "Briem, Stephan"]
[Result "0-1"]
[ECO "E32"]
[WhiteElo "2501"]
[BlackElo "2138"]
[Annotator "RC"]
[PlyCount "70"]
[EventDate "2019.04.04"]
[EventType "swiss"]
[EventCountry "ISL"]
[SourceTitle "playchess.com"]
[Source "ChessBase"]
[SourceQuality "1"]
[TimeControl "40/5400+30:1800+30"]

1. d4 Nf6 2. c4 e6 3. Nc3 Bb4 4. Qc2 d6 5. Nf3 Nbd7 6. g3 b6 7. Bg2 Bb7 8. O-O Bxc3 9. Qxc3 Qe7 10. b3 O-O 11. Bb2 Ne4 12. Qc2 f5 13. Rad1 Rae8 14. Ne1 e5 15. d5 Nec5 16. b4 Na6 17. a3 Bc8 18. Nd3 Nf6 19. Qa4 Nh5 20. b5 e4 21. bxa6 exd3 22. exd3 f4 23. Be4 Qf7 24. Qc2 f3 25. Rfe1 Qd7 26. Kh1 Qh3 27. Rg1 Nf6 28. g4 Nxg4 29. Rxg4 Bxg4 30. Rg1 Re7 31. Qc1 Qh5 32. Rg3 Bh3 33. Qc3 Re5 34. Qd2 Bg2+ 35. Kg1 Qxh2+ 0-1

[Event "GAMMA Reykjavik Open 2019"]
[Site "Reykjavik"]
[Date "2019.04.08"]
[Round "1.28"]
[White "Van de Plassche, Erik"]
[Black "Salomon, Johan"]
[Result "0-1"]
[ECO "A57"]
[WhiteElo "2136"]
[BlackElo "2495"]
[Annotator "ChessBase"]
[PlyCount "58"]
[EventDate "2019.04.04"]
[EventType "swiss"]
[EventCountry "ISL"]
[SourceTitle "playchess.com"]
[Source "ChessBase"]
[SourceQuality "1"]
[TimeControl "40/5400+30:1800+30"]

1. d4 Nf6 2. c4 c5 3. d5 b5 4. cxb5 a6 5. Nc3 axb5 6. e4 b4 7. Nb5 d6 8. Bf4 g5 9. Be3 Nxe4 10. Bd3 Qb6 11. Bxe4 Qxb5 12. Bxg5 h6 13. Be3 Bg7 14. Qd2 Ba6 15. Nf3 Nd7 16. Rd1 Nf6 17. Bd3 Qxd3 18. Qxd3 Bxd3 19. Rxd3 Rxa2 20. O-O Rxb2 21. Nh4 Ra2 22. Nf5 Bf8 23. Re1 Kd7 24. h3 e6 25. dxe6+ fxe6 26. Nxd6 Bxd6 27. Bxc5 Nd5 28. Bxd6 Kxd6 29. Rg3 Rf8 0-1

[Event "GAMMA Reykjavik Open 2019"]
[Site "Reykjavik"]
[Date "2019.04.08"]
[Round "1.30"]
[White "Siddharth, Jagadeesh"]
[Black "Hambleton, Aman"]
[Result "0-1"]
[ECO "A32"]
[WhiteElo "2132"]
[BlackElo "2484"]
[Annotator "RC"]
[PlyCount "72"]
[EventDate "2019.04.04"]
[EventType "swiss"]
[EventCountry "ISL"]
[SourceTitle "playchess.com"]
[Source "ChessBase"]
[SourceQuality "1"]
[TimeControl "40/5400+30:1800+30"]

1. d4 Nf6 2. c4 e6 3. g3 c5 4. Nf3 cxd4 5. Nxd4 Qc7 6. Nd2 b6 7. Bg2 Bb7 8. Nb5 Qc8 9. Bxb7 Qxb7 10. Nf3 a6 11. Nd6+ Bxd6 12. Qxd6 Qc6 13. Qd4 Qe4 14. Qxb6 Qxc4 15. Bg5 Nc6 16. Bxf6 gxf6 17. Qe3 Nb4 18. O-O Nc2 19. Qc1 Qxe2 20. Qd1 Qxd1 21. Raxd1 Nb4 22. Rd4 Nc6 23. Rd6 Ke7 24. Rfd1 Ra7 25. Nh4 Rb8 26. R1d2 a5 27. f4 a4 28. a3 Na5 29. R6d3 Nc4 30. Rc2 d5 31. Nf3 Rxb2 32. Rxb2 Nxb2 33. Rc3 Nc4 34. Nd4 Rb7 35. Nc6+ Kd6 36. Nb4 Nxa3 0-1

[Event "GAMMA Reykjavik Open 2019"]
[Site "Reykjavik"]
[Date "2019.04.11"]
[Round "2.1"]
[White "Saduakassova, Dinara"]
[Black "Jones, Gawain C B"]
[Result "1/2-1/2"]
[ECO "E62"]
[WhiteElo "2461"]
[BlackElo "2698"]
[Annotator "RC"]
[PlyCount "80"]
[EventDate "2019.04.04"]
[EventType "swiss"]
[EventCountry "ISL"]
[SourceTitle "playchess.com"]
[Source "ChessBase"]
[SourceQuality "1"]
[TimeControl "40/5400+30:1800+30"]

1. d4 Nf6 2. c4 g6 3. g3 Bg7 4. Bg2 O-O 5. Nc3 d6 6. Nf3 Nc6 7. O-O e5 8. dxe5 dxe5 9. Bg5 Be6 10. Nd5 Bxd5 11. Bxf6 Bxf6 12. cxd5 Ne7 13. e4 Qd7 14. Qb3 c6 15. Rfd1 cxd5 16. exd5 Nf5 17. d6 Nxd6 18. Qd5 Rad8 19. Nxe5 Qf5 20. Nd3 Qxd5 21. Bxd5 Rfe8 22. Rac1 Re7 23. Kf1 Nf5 24. Bb3 Nd4 25. h4 Nxb3 26. axb3 a5 27. Rc5 b6 28. Rc6 Bd4 29. Nf4 Red7 30. Ne2 Bxb2 31. Rxd7 Rxd7 32. Rxb6 Ba3 33. Rb5 Rd1+ 34. Kg2 Bb4 35. Nf4 Rb1 36. Nd5 Rxb3 37. Ne7+ Kg7 38. Nc6 Rc3 39. Nxb4 axb4 40. Rxb4 h5 1/2-1/2

[Event "GAMMA Reykjavik Open 2019"]
[Site "Reykjavik"]
[Date "2019.04.11"]
[Round "2.4"]
[White "L'Ami, Erwin"]
[Black "Tania, Sachdev"]
[Result "1-0"]
[ECO "E17"]
[WhiteElo "2647"]
[BlackElo "2397"]
[Annotator "RC"]
[PlyCount "83"]
[EventDate "2019.04.04"]
[EventType "swiss"]
[EventCountry "ISL"]
[SourceTitle "playchess.com"]
[Source "ChessBase"]
[SourceQuality "1"]
[TimeControl "40/5400+30:1800+30"]

1. d4 Nf6 2. c4 e6 3. Nf3 b6 4. g3 Bb7 5. Bg2 Be7 6. O-O O-O 7. Re1 Na6 8. a3 c5 9. d5 exd5 10. Nh4 Nc7 11. Nc3 d6 12. Nf5 b5 13. Nxd5 Nfxd5 14. cxd5 Bf6 15. Bf4 Ne8 16. Qd2 Bc8 17. g4 Bxf5 18. gxf5 a5 19. e4 a4 20. Bg3 Qa5 21. Qxa5 Rxa5 22. Rab1 Be5 23. f4 Bd4+ 24. Kf1 f6 25. Red1 Nc7 26. Be1 Ra7 27. Ke2 Re8 28. Kf3 Rb8 29. Bf1 Na6 30. h4 Nc7 31. h5 h6 32. Rxd4 cxd4 33. Bb4 Rb6 34. Rc1 Na6 35. Ba5 Rb8 36. Rc6 b4 37. Bxa6 bxa3 38. bxa3 Rb3+ 39. Kg4 Re7 40. Bc8 Rxe4 41. Be6+ Kh7 42. Rc8 1-0

[Event "GAMMA Reykjavik Open 2019"]
[Site "Reykjavik"]
[Date "2019.04.11"]
[Round "2.7"]
[White "Astaneh Lopez, Alex"]
[Black "Parligras, Mircea-Emilian"]
[Result "0-1"]
[ECO "D39"]
[WhiteElo "2427"]
[BlackElo "2633"]
[Annotator "ChessBase"]
[PlyCount "80"]
[EventDate "2019.04.04"]
[EventType "swiss"]
[EventCountry "ISL"]
[SourceTitle "playchess.com"]
[Source "ChessBase"]
[SourceQuality "1"]
[TimeControl "40/5400+30:1800+30"]

1. d4 Nf6 2. c4 e6 3. Nf3 d5 4. Bg5 dxc4 5. Nc3 Bb4 6. e4 h6 7. Bxf6 Qxf6 8. Bxc4 c5 9. O-O cxd4 10. Nb5 Qe7 11. Qxd4 O-O 12. e5 Bd7 13. a3 Bc5 14. Qf4 Bxb5 15. Bxb5 a6 16. Bd3 Nc6 17. Qe4 g6 18. h4 h5 19. b4 Bb6 20. Rad1 Rfd8 21. Bxa6 Rxa6 22. b5 Bxf2+ 23. Kh2 Rxd1 24. Rxd1 Rxa3 25. bxc6 bxc6 26. Rf1 Qc5 27. Qf4 Be3 28. Qf6 Ra7 29. Rd1 Ra8 30. Rd7 Rf8 31. Kg3 Qc4 32. Rc7 Qg4+ 33. Kh2 c5 34. g3 Qe4 35. Ng5 Qc2+ 36. Kh3 Qc1 37. Kg2 Qd2+ 38. Kh3 Qe1 39. Kg2 Qe2+ 40. Kh3 Bg1 0-1

[Event "GAMMA Reykjavik Open 2019"]
[Site "Reykjavik"]
[Date "2019.04.11"]
[Round "2.9"]
[White "Yoo, Christopher Woojin"]
[Black "Tari, Aryan"]
[Result "0-1"]
[ECO "B33"]
[WhiteElo "2414"]
[BlackElo "2615"]
[Annotator "RC"]
[PlyCount "130"]
[EventDate "2019.04.04"]
[EventType "swiss"]
[EventCountry "ISL"]
[SourceTitle "playchess.com"]
[Source "ChessBase"]
[SourceQuality "1"]
[TimeControl "40/5400+30:1800+30"]

1. e4 c5 2. Nf3 Nc6 3. d4 cxd4 4. Nxd4 Nf6 5. Nc3 e5 6. Ndb5 d6 7. Bg5 a6 8. Bxf6 gxf6 9. Na3 b5 10. Nd5 f5 11. exf5 Bxf5 12. c3 Bg7 13. Nc2 O-O 14. a4 Ne7 15. Nce3 Be6 16. Nxe7+ Qxe7 17. axb5 axb5 18. Rxa8 Rxa8 19. Bxb5 Qb7 20. c4 d5 21. cxd5 Qxb5 22. dxe6 fxe6 23. Qe2 Ra1+ 24. Nd1 Qb4+ 25. Qd2 Qe4+ 26. Qe2 Qxg2 27. Rf1 e4 28. Qh5 h6 29. Ke2 Rb1 30. Qe8+ Kh7 31. Qh5 e3 32. Qf3 Qxf3+ 33. Kxf3 exf2 34. Kxf2 Bxb2 35. Ke2 Bd4 36. Rf3 e5 37. h3 Kg6 38. Rg3+ Kf6 39. Ne3 Rb2+ 40. Kf1 h5 41. Rf3+ Kg5 42. Rf5+ Kg6 43. Rf3 Kg5 44. Rf5+ Kg6 45. Rf3 e4 46. Rg3+ Kf6 47. Nd5+ Kf5 48. h4 Rf2+ 49. Ke1 Ke5 50. Nb4 Rh2 51. Rg5+ Ke6 52. Rg6+ Bf6 53. Kf1 Rxh4 54. Nc2 Kf5 55. Rg2 Rh3 56. Rf2+ Ke5 57. Rd2 Rc3 58. Rf2 h4 59. Kg2 Bg5 60. Re2 h3+ 61. Kh2 Bf4+ 62. Kh1 Bg3 63. Kg1 Rb3 64. Ne3 Rb1+ 65. Nf1 h2+ 0-1

[Event "GAMMA Reykjavik Open 2019"]
[Site "Reykjavik"]
[Date "2019.04.09"]
[Round "2.17"]
[White "Cornette, Matthieu"]
[Black "L'Ami, Alina"]
[Result "1-0"]
[ECO "E90"]
[WhiteElo "2556"]
[BlackElo "2290"]
[Annotator "ChessBase"]
[PlyCount "151"]
[EventDate "2019.04.04"]
[EventType "swiss"]
[EventCountry "ISL"]
[SourceTitle "playchess.com"]
[Source "ChessBase"]
[SourceQuality "1"]
[TimeControl "40/5400+30:1800+30"]

1. d4 Nf6 2. c4 g6 3. Nc3 Bg7 4. e4 d6 5. h3 O-O 6. Be3 c5 7. Nf3 Qa5 8. Bd3 Nfd7 9. O-O Nc6 10. Be2 cxd4 11. Nxd4 Nxd4 12. Bxd4 Bxd4 13. Qxd4 Qc5 14. Qd2 Nf6 15. Nd5 Nxd5 16. exd5 e5 17. dxe6 Bxe6 18. Rac1 Rac8 19. Rfd1 Rfd8 20. b3 Qe5 21. Rc3 d5 22. Re3 Qb8 23. Rd3 Re8 24. cxd5 Bf5 25. Bg4 Bxd3 26. Bxc8 Be4 27. Bg4 h5 28. Be2 Bxd5 29. Bxh5 Bc6 30. Be2 Qe5 31. Bf1 Re7 32. Qb4 Re8 33. a4 a6 34. Qd2 Re7 35. Qc1 Re6 36. Bc4 Qe4 37. f3 Qe3+ 38. Qxe3 Rxe3 39. Rd8+ Kg7 40. Rc8 f5 41. Rc7+ Kh6 42. h4 g5 43. Kf2 Rc3 44. hxg5+ Kxg5 45. a5 f4 46. Bd5 Rc2+ 47. Kg1 Rc5 48. Bxc6 bxc6 49. b4 Rc4 50. Kh2 Kf5 51. Rb7 Ke5 52. Rb6 Kd6 53. Kh3 Kd5 54. Kg4 Rd4 55. Kf5 Kd6 56. Kf6 Rc4 57. Kf7 Kd7 58. Kf6 Kd6 59. Kg5 Rd4 60. Kg4 Rc4 61. g3 fxg3+ 62. Kxg3 Kd5 63. Kf2 Kd6 64. Ke3 Kd5 65. Kf2 Kd6 66. Kg3 Kd5 67. f4 Kd6 68. Kg4 Kd7 69. Kg5 c5 70. f5 Rxb4 71. f6 Rd4 72. Rxa6 c4 73. Ra7+ Ke8 74. Rc7 Rd5+ 75. Kg6 Rxa5 76. f7+ 1-0

[Event "GAMMA Reykjavik Open 2019"]
[Site "Reykjavik"]
[Date "2019.04.09"]
[Round "2.19"]
[White "Gukesh D"]
[Black "Ortega Ruiz, Jose Miguel"]
[Result "1-0"]
[ECO "D78"]
[WhiteElo "2536"]
[BlackElo "2281"]
[Annotator "ChessBase"]
[PlyCount "127"]
[EventDate "2019.04.04"]
[EventType "swiss"]
[EventCountry "ISL"]
[SourceTitle "playchess.com"]
[Source "ChessBase"]
[SourceQuality "1"]
[TimeControl "40/5400+30:1800+30"]

1. Nf3 d5 2. g3 g6 3. Bg2 Bg7 4. d4 Nf6 5. O-O c6 6. b3 O-O 7. Bb2 Bf5 8. c4 Nbd7 9. Nbd2 Ne4 10. Re1 b5 11. cxd5 cxd5 12. Nh4 Rc8 13. Nxf5 gxf5 14. Nxe4 fxe4 15. Qd2 Qb6 16. e3 a5 17. Rac1 e6 18. Bf1 b4 19. Rc2 Qb7 20. Rec1 Rfd8 21. Qe2 Rxc2 22. Qxc2 Ra8 23. Be2 Bf8 24. h4 Nb6 25. Qc6 Qxc6 26. Rxc6 Nc8 27. Bb5 Nd6 28. Ba6 Kg7 29. g4 Kf6 30. a4 Ke7 31. Be2 Kd7 32. Rc5 Be7 33. h5 Nb7 34. Rc2 Nd6 35. Rc5 Nb7 36. Rc1 Nd6 37. Kg2 Rc8 38. Rc5 Ra8 39. f4 exf3+ 40. Kxf3 Ne4 41. Bb5+ Kd8 42. Rc6 Rc8 43. Rxc8+ Kxc8 44. Bd3 Ng5+ 45. Kf4 Nh3+ 46. Ke5 Ng5 47. e4 f6+ 48. Kf4 Bd6+ 49. e5 Be7 50. h6 Kd7 51. Bc1 Ke8 52. Kg3 Kf7 53. exf6 Bxf6 54. Bf4 Bd8 55. Kh4 Nf3+ 56. Kh5 Kg8 57. g5 Bxg5 58. Bxg5 Nxd4 59. Be3 Nxb3 60. Kg5 e5 61. Kf6 e4 62. Bb5 Kf8 63. Bc6 d4 64. Bf4 1-0

[Event "GAMMA Reykjavik Open 2019"]
[Site "Reykjavik"]
[Date "2019.04.09"]
[Round "2.20"]
[White "Briem, Stephan"]
[Black "Brunello, Sabino"]
[Result "0-1"]
[ECO "E46"]
[WhiteElo "2138"]
[BlackElo "2534"]
[Annotator "ChessBase"]
[PlyCount "102"]
[EventDate "2019.04.04"]
[EventType "swiss"]
[EventCountry "ISL"]
[SourceTitle "playchess.com"]
[Source "ChessBase"]
[SourceQuality "1"]
[TimeControl "40/5400+30:1800+30"]

1. d4 Nf6 2. c4 e6 3. Nc3 Bb4 4. e3 O-O 5. Nge2 Re8 6. a3 Bf8 7. Ng3 d5 8. Be2 b6 9. O-O Bb7 10. b4 Nbd7 11. Bb2 c5 12. Qb3 cxd4 13. exd4 dxc4 14. Bxc4 Rc8 15. Rac1 Qc7 16. Bd3 Qf4 17. Nce2 Qb8 18. Rxc8 Rxc8 19. Rc1 Rd8 20. Nc3 Bd6 21. Qc2 h5 22. Nce4 Bf4 23. Re1 h4 24. Nf1 Rc8 25. Qe2 Bxe4 26. Bxe4 Nxe4 27. Qxe4 Nf6 28. Qd3 Nd5 29. g3 hxg3 30. hxg3 Bg5 31. Nh2 a5 32. Nf3 Bf6 33. b5 Qc7 34. Qd2 Qd7 35. Qd3 Ne7 36. Rc1 Rxc1+ 37. Bxc1 Nf5 38. Be3 Qd5 39. Nd2 Bxd4 40. Bxd4 Nxd4 41. a4 Kf8 42. f3 Nf5 43. Qc3 Nxg3 44. Kg2 Ne2 45. Qc8+ Ke7 46. Ne4 f5 47. Ng5 Nf4+ 48. Kg3 Qd6 49. Qb7+ Kf6 50. Nf7 Qd4 51. Qc7 Qg1+ 0-1

[Event "GAMMA Reykjavik Open 2019"]
[Site "Reykjavik"]
[Date "2019.04.09"]
[Round "2.21"]
[White "Sadzikowski, Daniel"]
[Black "Abrahams, Daniel"]
[Result "1-0"]
[ECO "E11"]
[WhiteElo "2523"]
[BlackElo "2143"]
[Annotator "ChessBase"]
[PlyCount "79"]
[EventDate "2019.04.04"]
[EventType "swiss"]
[EventCountry "ISL"]
[SourceTitle "playchess.com"]
[Source "ChessBase"]
[SourceQuality "1"]
[TimeControl "40/5400+30:1800+30"]

1. d4 Nf6 2. c4 e6 3. Nf3 Bb4+ 4. Nbd2 O-O 5. a3 Be7 6. e4 d6 7. Bd3 Nbd7 8. O-O e5 9. b4 exd4 10. Nxd4 Re8 11. Bb2 Bf8 12. Qc2 a5 13. N4b3 axb4 14. axb4 Rxa1 15. Rxa1 Ne5 16. Bf1 Ng6 17. Nd4 c6 18. Bc3 Bd7 19. f3 Qc7 20. Kh1 Rc8 21. Nf5 Ne8 22. Ne3 Be7 23. Qb2 Bf6 24. Bxf6 Nxf6 25. Nb3 Qb6 26. c5 Qc7 27. Nc4 d5 28. Nd6 Rb8 29. e5 Ne8 30. Bd3 b6 31. Bxg6 hxg6 32. Qc3 bxc5 33. bxc5 Qd8 34. Nd4 Nc7 35. f4 Ne6 36. Nxe6 Bxe6 37. h3 Qh4 38. Rf1 Bf5 39. Kh2 Rb1 40. Nxf5 1-0

[Event "GAMMA Reykjavik Open 2019"]
[Site "Reykjavik"]
[Date "2019.04.09"]
[Round "2.23"]
[White "Salomon, Johan"]
[Black "Jonsson, Gauti Pall"]
[Result "1-0"]
[ECO "E11"]
[WhiteElo "2495"]
[BlackElo "2027"]
[Annotator "ChessBase"]
[PlyCount "87"]
[EventDate "2019.04.04"]
[EventType "swiss"]
[EventCountry "ISL"]
[SourceTitle "playchess.com"]
[Source "ChessBase"]
[SourceQuality "1"]
[TimeControl "40/5400+30:1800+30"]

1. d4 Nf6 2. c4 e6 3. Nf3 Bb4+ 4. Nbd2 d6 5. e3 Nbd7 6. Be2 b6 7. O-O Bxd2 8. Nxd2 Bb7 9. Nb1 e5 10. f3 exd4 11. Qxd4 d5 12. cxd5 Bxd5 13. e4 c5 14. Qa4 Bb7 15. Bf4 O-O 16. Rd1 a6 17. Qb3 Qc8 18. Bd6 b5 19. Bxf8 Nxf8 20. a4 Ne6 21. Qe3 Nd4 22. Na3 Qe6 23. axb5 Nd5 24. Qf2 Nf4 25. Bf1 Qg6 26. Kh1 h5 27. bxa6 Rxa6 28. Bxa6 Bxa6 29. Nc2 Nxc2 30. Rxa6 Qxa6 31. Qxc2 h4 32. e5 g6 33. Qe4 g5 34. Qf5 Ne6 35. Qd3 Qa2 36. Qb5 Kg7 37. h3 Qa8 38. Qc4 Qa5 39. Kh2 Nd4 40. b4 Qa4 41. Qc1 Kg6 42. bxc5 Nc6 43. Rd6+ Kh5 44. Qb1 1-0

[Event "GAMMA Reykjavik Open 2019"]
[Site "Reykjavik"]
[Date "2019.04.09"]
[Round "2.24"]
[White "Nilssen, Ellen Fredericia"]
[Black "Libiszewski, Fabien"]
[Result "0-1"]
[ECO "E73"]
[WhiteElo "2048"]
[BlackElo "2488"]
[Annotator "ChessBase"]
[PlyCount "52"]
[EventDate "2019.04.04"]
[EventType "swiss"]
[EventCountry "ISL"]
[SourceTitle "playchess.com"]
[Source "ChessBase"]
[SourceQuality "1"]
[TimeControl "40/5400+30:1800+30"]

1. d4 Nf6 2. c4 g6 3. Nc3 Bg7 4. e4 d6 5. Be2 O-O 6. Bg5 Na6 7. Qd2 e5 8. d5 Qe8 9. Bd1 Nh5 10. Bxh5 gxh5 11. Nge2 f6 12. Bh6 Bxh6 13. Qxh6 Qg6 14. Qxg6+ hxg6 15. h4 f5 16. f3 Nc5 17. O-O a5 18. b3 Bd7 19. exf5 gxf5 20. Ng3 Kf7 21. Rad1 Rg8 22. Nxh5 Rg6 23. Kf2 Rh8 24. Ng3 Rhg8 25. Nge2 Rxg2+ 26. Ke3 R8g3 {[%emt 0:11:34] Kd4 [%emt 00:06:47]} 0-1

[Event "GAMMA Reykjavik Open 2019"]
[Site "Reykjavik"]
[Date "2019.04.09"]
[Round "2.26"]
[White "Petursson, Gudni"]
[Black "Prithu Gupta"]
[Result "0-1"]
[ECO "A21"]
[WhiteElo "2020"]
[BlackElo "2478"]
[Annotator "ChessBase"]
[PlyCount "88"]
[EventDate "2019.04.04"]
[EventType "swiss"]
[EventCountry "ISL"]
[SourceTitle "playchess.com"]
[Source "ChessBase"]
[SourceQuality "1"]
[TimeControl "40/5400+30:1800+30"]

1. c4 e5 2. Nc3 Bb4 3. Qc2 Nf6 4. e3 O-O 5. Nf3 Qe7 6. a3 Bxc3 7. Qxc3 e4 8. Nd4 d5 9. b4 Nbd7 10. Bb2 Nb6 11. c5 Na4 12. Qc2 Nxb2 13. Qxb2 c6 14. Be2 Bg4 15. f3 exf3 16. gxf3 Bd7 17. O-O a5 18. Qc3 Bh3 19. Rf2 Nh5 20. f4 Nf6 21. Bf3 axb4 22. axb4 Ne4 23. Bxe4 dxe4 24. Ne2 Qd7 25. Ng3 f5 26. Qc4+ Qf7 27. Qxf7+ Kxf7 28. Rb1 Rfd8 29. d4 exd3 30. Rd2 Ra3 31. Kf2 Rc3 32. Rbb2 Ke7 33. e4 Rc4 34. Ke3 fxe4 35. Nxe4 Bf5 36. Nd6 Rxd6 37. cxd6+ Kxd6 38. Rg2 g6 39. h4 h5 40. Rg1 Re4+ 41. Kf3 Kd5 42. Rd2 Kd4 43. Rc1 Bg4+ 44. Kg3 Re2 0-1

[Event "GAMMA Reykjavik Open 2019"]
[Site "Reykjavik"]
[Date "2019.04.09"]
[Round "2.27"]
[White "Gupta, Abhijeet"]
[Black "Kristjansson, Atli Freyr"]
[Result "1-0"]
[ECO "E01"]
[WhiteElo "2602"]
[BlackElo "2198"]
[Annotator "ChessBase"]
[PlyCount "53"]
[EventDate "2019.04.04"]
[EventType "swiss"]
[EventCountry "ISL"]
[SourceTitle "playchess.com"]
[Source "ChessBase"]
[SourceQuality "1"]
[TimeControl "40/5400+30:1800+30"]

1. d4 d5 2. c4 e6 3. Nc3 c6 4. Nf3 Nf6 5. g3 Nbd7 6. Bg2 dxc4 7. O-O Be7 8. e4 e5 9. d5 Qc7 10. a4 O-O 11. Qe2 cxd5 12. exd5 a6 13. Bg5 h6 14. Bxf6 Bxf6 15. Nd2 Rb8 16. Nxc4 Nb6 17. Ne3 Nd7 18. Rfd1 b5 19. axb5 axb5 20. d6 Qb6 21. Nf5 Bb7 22. Nxh6+ gxh6 23. Qg4+ Bg7 24. Qxd7 Rfd8 25. Qc7 Bxg2 26. Kxg2 Rb7 27. Nd5 1-0

[Event "GAMMA Reykjavik Open 2019"]
[Site "Reykjavik"]
[Date "2019.04.09"]
[Round "2.28"]
[White "Potkin, Vladimir"]
[Black "Ghazarian, Kirk"]
[Result "1-0"]
[ECO "B36"]
[WhiteElo "2597"]
[BlackElo "2209"]
[Annotator "ChessBase"]
[PlyCount "59"]
[EventDate "2019.04.04"]
[EventType "swiss"]
[EventCountry "ISL"]
[SourceTitle "playchess.com"]
[Source "ChessBase"]
[SourceQuality "1"]
[TimeControl "40/5400+30:1800+30"]

1. c4 c5 2. Nf3 g6 3. d4 cxd4 4. Nxd4 Nc6 5. e4 Nf6 6. Nc3 d6 7. Be2 Nxd4 8. Qxd4 Bg7 9. Be3 O-O 10. Qd2 a5 11. f3 a4 12. Rc1 Qa5 13. Kf2 Be6 14. Nd5 Bxd5 15. Qxa5 Rxa5 16. cxd5 Ne8 17. Rc8 b5 18. Rhc1 f5 19. exf5 gxf5 20. Bd2 Ra7 21. Bxb5 Nf6 22. Bd3 Rxc8 23. Rxc8+ Kf7 24. Bxf5 Nxd5 25. Bxh7 Bd4+ 26. Ke2 Nf6 27. Bc2 Bxb2 28. g4 Nd5 29. h4 Be5 30. Rc4 1-0

[Event "GAMMA Reykjavik Open 2019"]
[Site "Reykjavik"]
[Date "2019.04.09"]
[Round "2.29"]
[White "Loiseau, Quentin"]
[Black "Kristjansson, Olafur"]
[Result "1-0"]
[ECO "E04"]
[WhiteElo "2461"]
[BlackElo "2078"]
[Annotator "ChessBase"]
[PlyCount "55"]
[EventDate "2019.04.04"]
[EventType "swiss"]
[EventCountry "ISL"]
[SourceTitle "playchess.com"]
[Source "ChessBase"]
[SourceQuality "1"]
[TimeControl "40/5400+30:1800+30"]

1. d4 Nf6 2. c4 e6 3. Nf3 d5 4. g3 dxc4 5. Bg2 a6 6. O-O Be7 7. Ne5 O-O 8. Nxc4 Nc6 9. e3 Bd7 10. Nc3 Rb8 11. Ne5 Be8 12. Nxc6 Bxc6 13. Bxc6 bxc6 14. Qe2 Rb6 15. b3 Bb4 16. Na4 Rb5 17. Bb2 Qd5 18. Rac1 Rd8 19. Rc2 Qe4 20. f3 Qg6 21. Rxc6 Rg5 22. Qc2 Qh6 23. e4 Nh5 24. Bc1 Rxd4 25. Rxc7 f6 26. Rc8+ Kf7 27. Qc6 f5 28. e5 1-0

[Event "GAMMA Reykjavik Open 2019"]
[Site "Reykjavik"]
[Date "2019.04.09"]
[Round "2.30"]
[White "Tomazini, Zan"]
[Black "Georghiou, Paul T"]
[Result "1-0"]
[ECO "C02"]
[WhiteElo "2390"]
[BlackElo "2241"]
[Annotator "NA"]
[PlyCount "81"]
[EventDate "2019.04.04"]
[EventType "swiss"]
[EventCountry "ISL"]
[SourceTitle "playchess.com"]
[Source "ChessBase"]
[SourceQuality "1"]
[TimeControl "40/5400+30:1800+30"]

1. e4 e6 2. d4 d5 3. e5 c5 4. c3 Nc6 5. Nf3 Bd7 6. a3 cxd4 7. cxd4 Na5 {[%emt 0:00:11] C02: French: Advance Variation} (7... Nge7 8. Nc3 a6 9. Bd3 Rc8 10. O-O Ng6 11. Be3 Be7 12. Rc1 {½-½ (12) Borges Matos,J (2436)-Garcia Carey,O (2353) Santa Clara 2018}) 8. Bd3 Ne7 9. O-O Rc8 10. Nc3 a6 11. Ne2 $146 ({Predecessor:} 11. Bd2 Nc4 12. Bxc4 Rxc4 13. Rc1 Nc6 14. b4 Be7 {½-½ (14) Bridges,P (1821)-Lawrence,D (1678) Fishguard 2016}) 11... Qb6 12. b4 Nc4 13. Ng3 a5 14. Rb1 a4 15. Nh5 Nf5 16. Bxf5 exf5 17. Nf4 Be6 18. Qxa4+ Qc6 19. b5 Qb6 20. Qb3 Be7 21. Rd1 O-O 22. Nh5 f6 (22... h6 $14) 23. exf6 Bxf6 24. Nxf6+ Rxf6 25. Bf4 h6 26. Be5 Rff8 27. Qb4 Kf7 (27... f4 $14) 28. Re1 Ra8 29. a4 Rfc8 30. Ra1 Ra5 (30... Re8 $16 31. Bf4 Qd8) 31. h4 Rca8 32. h5 Re8 $18 33. Nd2 Nxd2 34. Qxd2 Bd7 35. Ra3 Raa8 36. Rg3 Rg8 37. Bxg7 Rxg7 38. Rxg7+ Kxg7 39. Re7+ Kf8 40. Rxd7 Rxa4 41. Qc2 1-0